AoeStats
← Bélga

MegaRandom

510436727Analyzed
4v4 RM · 2d ago on Oct 1, 2026· 31m 26s· 8 players
Game mode
Random Map
Map size
Large (8 player)
Population
200
Speed
Normal
Resources
Standard
Victory
Conquest
Starting age
Dark Age
Ending age
Imperial Age
RankedLock teamsTeams togetherTeam positionsShared explorationLock speedFull tech treeHidden civsTurbo modeCheats
Victory
Defeat
🇦🇷 Ethiopians · Argentina
1140
+12
🇧🇷 Huns · Brazil
1103
+14
🇧🇷 Dravidians · Brazil
1090
+14
🇮🇱 Berbers · Israel
1090
+14
🇺🇸 Khitans · United States
1070
-14
🇨🇦 Danes · Canada
1058
-13
🇺🇸 Mongols · United States
1054
-14
🇺🇸 Lithuanians · United States
1034
-13
Bélga
8:11 Loom
10:52 Feudal Age
12:29 Double-Bit Axe
15:18 Castle Age
14:33 Gold Mining
17:35 Bow Saw
23:39 Stone Mining
25:20 Fletching
26:57 Wheelbarrow
26:42 Bodkin Arrow
30:46 Padded Archer Armor
31:28 Hand Cart
33:45 Imperial Age
Spitfire
11:08 Feudal Age
13:45 Loom
16:12 Castle Age
14:29 Horse Collar
15:02 Double-Bit Axe
17:28 Bow Saw
17:28 Scale Barding Armor
19:47 Bloodlines
24:19 Wheelbarrow
25:37 Gold Mining
27:17 Town Watch
30:15 Chain Barding Armor
32:03 Hand Cart
GranateCampeón
5:22 Loom
9:56 Feudal Age
10:27 Double-Bit Axe
13:06 Horse Collar
18:02 Castle Age
16:36 Padded Archer Armor
17:13 Fletching
18:06 Crossbowman
18:43 Gold Mining
19:04 Bow Saw
18:55 Heavy Plow
20:49 Gold Shaft Mining
20:40 Bodkin Arrow
21:51 Leather Archer Armor
26:58 Fervor
29:49 Ballistics
29:55 Thumb Ring
31:22 Wheelbarrow
30:32 Town Watch
BorNouT
1:31 Loom
9:08 Feudal Age
9:43 Double-Bit Axe
11:18 Horse Collar
17:22 Gold Mining
20:13 Castle Age
19:30 Bloodlines
19:28 Scale Barding Armor
21:01 Wheelbarrow
21:51 Chain Barding Armor
22:04 Bow Saw
22:07 Husbandry
22:20 Forging
23:27 Heavy Plow
27:37 Gold Shaft Mining
31:59 Imperial Age
30:32 Iron Casting
30:29 Hand Cart
30:09 Light Cavalry
HowManyMustDie
10:23 Feudal Age
8:45 Loom
10:32 Feudal Age
15:50 Castle Age
14:19 Double-Bit Axe
17:58 Fletching
21:32 Bodkin Arrow
23:43 Scale Barding Armor
23:56 Bloodlines
25:51 Wheelbarrow
I THS I
11:24 Feudal Age
11:52 Double-Bit Axe
15:44 Castle Age
20:03 Horse Collar
21:30 Heavy Plow
30:47 Wheelbarrow
lord evil
0:30 Loom
11:09 Feudal Age
16:38 Castle Age
14:33 Double-Bit Axe
15:25 Fletching
15:33 Gold Mining
15:28 Domestication
17:45 Bow Saw
20:40 Bodkin Arrow
23:28 Stone Mining
24:55 Padded Archer Armor
25:47 Wheelbarrow
26:19 Ballistics
26:06 Thumb Ring
26:53 Hand Cart
29:30 Town Watch
31:41 Stone Shaft Mining
32:06 Leather Archer Armor
[FCQC] Frankatroni
1:02 Loom
12:15 Feudal Age
17:59 Castle Age
17:17 Double-Bit Axe
23:44 Horse Collar
24:17 Bow Saw
30:32 Imperial Age
Connection lost

Rejoining the realm…

Still unreachable

The connection could not be restored.

Session expired

The server has moved on; the page needs a fresh start.